 Dungeon Crawl Stone Soup version 0.30-a0-358-g0d69a1922f (webtiles) character file.

Game seed: 7935270863169571916

385 Maelyn the Chopper (level 6, -3/56 HPs)
             Began as a Minotaur Berserker on Feb 8, 2022.
             Was a Priest of Trog.
             Slain by a gnoll
             ... wielding a +0 flail
             ... led by a gnoll bouda
              (5 damage)
             ... on level 4 of the Dungeon on Nov 9, 2022.
             The game lasted 00:13:06 (2941 turns).

Maelyn the Chopper (Minotaur Berserker)             Turns: 2941, Time: 00:13:07

Health: -3/56      AC:  9    Str: 24    XL:     6   Next: 48%
Magic:  5/5        EV:  9    Int:  4    God:    Trog [***...]
Gold:   241        SH:  0    Dex:  9    Spells: 5/5 levels left

rFire   + . .      SeeInvis .    a - +0 hand axe
rCold   + . .      Faith    .    (no shield)
rNeg    . . .      Spirit   .    o - +0 chain mail
rPois   +          Reflect  .    (helmet restricted)
rElec   +          Harm     .    (no cloak)
rCorr   +          Rampage  .    (no gloves)
Will    .....                    (no boots)
Stlth   ..........               (no amulet)
HPRegen 0.29/turn                (no ring)
MPRegen 0.09/turn                (no ring)

@: resistant
A: horns 2, retaliatory headbutt
a: Renounce Religion, Berserk, Trog's Hand


You were on level 4 of the Dungeon.
You worshipped Trog.
Trog was most pleased with you.
You visited 1 branch of the dungeon, and saw 4 of its levels.

You collected 241 gold pieces.

Inventory:

Hand Weapons
 a - a +0 hand axe (weapon)
 v - a +5 halberd
Armour
 b - a +0 animal skin
 c - a +0 leather armour
 g - a +0 ring mail
 o - a +0 chain mail (worn)
Jewellery
 d - a ring of magical power
 f - an amulet of reflection
 r - a +4 ring of protection
Wands
 j - a wand of digging (2)
 q - a wand of paralysis (5)
 s - a wand of iceblast (1)
Scrolls
 e - a scroll of brand weapon {unknown}
 h - a scroll of vulnerability {unknown}
 i - a scroll of identify {unknown}
 l - 2 scrolls of teleportation {unknown}
 n - a scroll of enchant weapon {unknown}
Potions
 k - a potion of mutation {unknown}
 m - a potion of resistance
 p - a potion of cancellation {unknown}
 t - a potion of invisibility {unknown}
 u - 2 potions of berserk rage
 w - a potion of heal wounds {unknown}


   Skills:
 + Level 5.3 Fighting
 * Level 6.6 Axes
 + Level 4.3 Armour
 - Level 3.0 Dodging


You had 5 spell levels left.
You didn't know any spells.
Your spell library was empty.

Dungeon Overview and Level Annotations

Branches:
Dungeon (4/15)
 Temple: D:4-7

Altars:


Innate Abilities, Weirdness & Mutations

You have a pair of horns on your head.
You reflexively headbutt those who attack you in melee.


Message History

The gnoll hits you but does no damage.
Things that are here:
a +0 spear; a gnoll corpse The gnoll hits you but does no damage.
The gnoll bouda calls upon its god to heal the gnoll.
The gnoll's wounds heal themselves!
You see here an adder corpse.
You barely miss the gnoll. The gnoll hits you with a +0 flail.
The gnoll bouda barks out a call to the hunt!
The gnolls pick up the pace!
You hit the gnoll but do no damage. The gnoll barely misses you.
The gnoll hits you from afar with a +0 spear.
You barely miss the gnoll. You barely miss the gnoll bouda.
The gnoll hits you with a +0 flail. The gnoll bouda barely misses you.
The gnoll closely misses you.
You hit the gnoll bouda.
The gnoll bouda is moderately wounded.
You hit the gnoll but do no damage. The gnoll hits you with a +0 flail.
The gnoll bouda barely misses you.
The gnoll hits you from afar with a +0 spear.
You hit the gnoll bouda.
You headbutt the gnoll bouda, but do no damage.
The gnoll bouda is heavily wounded.
You hit the gnoll. The gnoll hits you but does no damage.
The gnoll bouda hits you with a +0 club.
You barely miss the gnoll bouda. Your headbutt misses the gnoll bouda.
The gnoll bouda is heavily wounded.
You closely miss the gnoll.
Your attacks no longer feel as feeble.
The gnoll barely misses you. The gnoll hits you but does no damage.
The gnoll bouda hits you with a +0 club!
* * * LOW HITPOINT WARNING * * *
The gnoll attacks as you move away! The gnoll hits you with a +0 flail!
* * * LOW HITPOINT WARNING * * *
The gnoll hits you but does no damage.
You see here 9 gold pieces.
It was a potion of resistance.
You feel protected. The gnoll hits you with a +0 flail.
You die...

.# .# ### .# ..#
#.# #.# ..# .##
#.##..# .#
..>?.###g##..# .###
#......gg@..# ... #
#.#...#.#..<##.##.#
#...............#
#.###.#.........#
#.#####...#.....#
#............####
#.######..#.....#
#......#.# ##.#.#.#


You could see a gnoll bouda and 2 gnolls.

Vanquished Creatures
  2 kobold brigands (D:3)
  A hound (D:3)
  Robin (D:2)
  5 adders
  6 gnolls
  A worm (D:2)
  6 dart slugs
  An orc (D:2)
  4 ball pythons
  4 bats
  6 endoplasms
  3 giant cockroaches
  9 goblins
  7 hobgoblins
  6 jackals
  15 kobolds
  4 quokkas
  3 frilled lizards
  4 rats
88 creatures vanquished.

Vanquished Creatures (others)
  A plant (D:4)
1 creature vanquished.

Grand Total: 89 creatures vanquished

Notes
Turn   | Place    | Note
-------+----------+-------------------------------------------
     0 | D:1      | Maelyn the Minotaur Berserker began the quest for the Orb.
     0 | D:1      | Reached XP level 1. HP: 19/19 MP: 0/0
    30 | D:1      | Upgraded the game from 0.29-a0-91-gdebf4667c2 to
                  | 0.30-a0-358-g0d69a1922f
   150 | D:1      | Reached XP level 2. HP: 17/27 MP: 1/1
   525 | D:1      | Reached skill level 4 in Axes
   928 | D:2      | Reached ** piety under Trog
   955 | D:2      | Reached XP level 3. HP: 33/33 MP: 2/2
  1147 | D:2      | Reached XP level 4. HP: 31/41 MP: 3/3
  1207 | D:2      | Noticed Robin
  1225 | D:2      | Killed Robin
  1824 | D:3      | Reached skill level 5 in Axes
  1832 | D:3      | Noticed a kobold brigand
  1834 | D:3      | Noticed a kobold brigand
  1838 | D:3      | Killed a kobold brigand
  1839 | D:3      | Reached XP level 5. HP: 45/47 MP: 4/4
  1844 | D:3      | Reached skill level 6 in Axes
  2135 | D:3      | Reached XP level 6. HP: 55/55 MP: 5/5
  2145 | D:3      | Reached *** piety under Trog
  2439 | D:3      | Reached skill level 5 in Fighting
  2940 | D:4      | HP: 2/56 [gnoll/+0 flail[a gnoll bouda] (10)]
  2941 | D:4      | Slain by a gnoll

Illustrated notes

Levels and vault maps discovered:
D:1:      giann_bridges, layout_basic, minmay_misc_feat_encased,
          minmay_pentomino_s2
D:2:      minmay_wonky_spiral, layout_rooms, kennysheep_pointless_box,
          uniq_robin
D:3:      cheibrodos_thug_alley, layout_basic, kennysheep_generic_room_10
D:4:      layout_basic, mainiacjoe_overflow_boulevard, hex_large,
          minmay_small_thing

Skill      XL: |  1  2  3  4  5  6 |
---------------+-------------------+-----
Fighting       | 4 5 |  5.3
Axes           | 4 5 6 |  6.6
Armour         | 3 4 |  4.3
Dodging        | 3 |  3.0

Action                   |  1- 3 |  4- 6 || total
-------------------------+-------+-------++-------
Melee: Hand axe          |    67 |   145 ||   212
       Headbutt          |    11 |    15 ||    26
       Punch             |       |     2 ||     2
Evoke: Wand              |       |     1 ||     1
  Use: Potion            |       |     2 ||     2
Armor: Leather armour    |    18 |       ||    18
       Ring mail         |     7 |    14 ||    21
       Chain mail        |       |    45 ||    45
Dodge: Dodged            |    43 |    71 ||   114

Table legend: (Time is in decaauts)
 A = Elapsed time spent in this place.
 B = Non-inter-level travel time spent in this place.
 C = Inter-level travel time spent in this place.
 D = Time resting spent in this place.
 E = Time spent auto-exploring this place.
 F = Levels seen in this place.
 G = Mean time per level.
                   A        B        C        D        E       F      G
               +--------+--------+--------+--------+--------+-----+--------+
         Total |   2969 |   2875 |     94 |      0 |   2209 |   4 |  742.2 |
       Dungeon |   2969 |   2875 |     94 |      0 |   2209 |   4 |  742.2 |
               +--------+--------+--------+--------+--------+-----+--------+

Top non-repeatable levels by time:
     D:3: 1245 daAuts
     D:1: 927 daAuts
     D:2: 750 daAuts
     D:4: 46 daAuts
